 Dungeon Sprint DCSS version 0.31-a0-536-ga3e2962e35 (webtiles) character file.

Game seed: 13030229971197656089

5059 Conn the Thaumaturge (level 10, -2/61 HPs)
             Began as an Octopode Fire Elementalist on Aug 13, 2023.
             Was a High Priest of Sif Muna.
             Killed by an exploding eight-headed hydra (43 damage)
             ... ignited by their inner flame
             ... in the Dungeon (Sprint IX: "|||||||||||||||||||||||||||||").
             The game lasted 00:07:15 (1023 turns).

Conn the Thaumaturge (Octopode Fire Elementalist)   Turns: 1023, Time: 00:07:20

Health: -2/61      AC:  3    Str: 11    XL:     10   Next: 56%
Magic:  10/28      EV: 16    Int: 27    God:    Sif Muna [*****.]
Gold:   0          SH:  0    Dex: 16    Spells: 17/37 levels left

rFire   . . .        i - +2 halberd of Hijagg {freeze, rN+ Dex+3 Stlth-}
rCold   . . .        (shield currently unavailable)
rNeg    + . .        (helmet restricted)
rPois   .            (no amulet)
rElec   .            k - +2 ring of protection
rCorr   .            j - +3 ring of strength
SInv    .            n - +6 ring of intelligence
Will    .....        (no ring)
Stlth   +++          (no ring)
HPRegen 0.30/turn    (no ring)
MPRegen 0.21/turn    (no ring)
                     (no ring)

%: no teleportation
@: lethally poisoned (-2 -> -4)
A: almost no armour, amphibious, 8 rings, camouflage 1, gelatinous body 1,
(nimble swimmer 1), tentacles
a: Renounce Religion, Channel Magic, Forget Spell, Divine Exegesis


You were in the Dungeon.
You worshipped Sif Muna.
Sif Muna was extremely pleased with you.
You visited 1 branch

Inventory:

Hand Weapons
 i - the +2 halberd of Hijagg (weapon) {freeze, rN+ Dex+3 Stlth-}
   (You found it in the Dungeon)

   Dex+3:     It affects your dexterity (+3).
   rN+:       It protects you from negative energy.
   Stlth-:    It makes you less stealthy.
Jewellery
 j - a +3 ring of strength (right tentacle)
 k - a +2 ring of protection (left tentacle)
 n - a +6 ring of intelligence (on tentacle)
Wands
 h - a wand of iceblast (10)
Scrolls
 f - 4 scrolls of blinking
 g - 2 scrolls of amnesia
 o - 2 scrolls of enchant armour
 p - 4 scrolls of enchant weapon
 q - a scroll of fog
Potions
 a - 4 potions of magic
 b - a potion of invisibility
 c - 4 potions of heal wounds
 d - a potion of haste
 e - 7 potions of curing
 l - a potion of berserk rage
 m - a potion of might


   Skills:
 + Level 2.3 Fighting
 + Level 6.4 Dodging
 - Level 4.9 Stealth
 * Level 14.1 Spellcasting
 * Level 9.3 Conjurations
 + Level 4.4 Hexes
 + Level 12.6 Fire Magic
 * Level 1.7 Air Magic
 * Level 9.4 Invocations


You had 17 spell levels left.
You knew the following spells:

 Your Spells              Type           Power      Damage    Failure   Level
a - Foxfire               Conj/Fire      100%       2x1d9     1%          1
b - Scorch                Fire           100%       2d9       1%          2
c - Inner Flame           Hex/Fire       60%        N/A       1%          3
d - Flame Wave            Conj/Fire      67%        2d15      1%          4
e - Iskenderun's Battles  Conj           62%        2d11      1%          5
f - Arcjolt               Conj/Air       24%        1d34      9%          5

Your spell library contained the following spells:

 Spells                   Type           Power      Damage    Failure   Level
 Volatile Blastmotes      Fire/Tloc      100%       2d18      1%          3
 Silence                  Hex/Air        17%        N/A       22%         5
 Summon Mana Viper        Hex/Summ       30%        N/A       32%         5
 Yara's Violent Unravell  Hex/Tmut       15%        3d8       32%         5
 Agony                    Necr           19%        N/A       61%         5


Dungeon Overview and Level Annotations

Branches:
Dungeon (1/1)

Altars:
Cheibriados
Dithmenos
Elyvilon
Fedhas
Gozag
Hepliaklqana
Kikubaaqudgha
Makhleb
Nemelex Xobeh
Okawaru
Qazlal
Ru
Sif Muna
Trog
Uskayaw
Vehumet
Wu Jian
Xom
Yredelemnul
Zin
The Shining One
Jiyva
Lugonu


Innate Abilities, Weirdness & Mutations

You cannot wear most types of armour.
You are amphibious.
You can wear up to eight rings at the same time.
Your skin changes colour to match your surroundings (Stealth+).
Your rubbery body absorbs attacks. (AC +1, EV +1)
((You are camouflaged when in or above water. (Stealth+)))
You have tentacles for arms and can constrict up to eight enemies at once.


Message History

Your Spellcasting skill increases to level 14!
Your Air Magic skill increases to level 1!
Unknown command.
Unknown command.
Casting: Inner Flame (safe; 1% risk of failure)
Confirm with . or Enter, or press ? or * to list all spells.
You can't see any susceptible monsters within range! (Use Z to cast anyway.)
Casting: Inner Flame (safe; 1% risk of failure)
Confirm with . or Enter, or press ? or * to list all spells.
You conjure some foxfire!
You feel sick.
The eight-headed hydra is engulfed in blazing flames.
Flame seeps out of the eight-headed hydra.
Unknown command.
Casting: Foxfire (safe; 1% risk of failure)
Confirm with . or Enter, or press ? or * to list all spells.
Flames lash the eight-headed hydra.
Flame seeps out of the eight-headed hydra.
The eight-headed hydra is moderately wounded.
The eight-headed hydra's fire resistance burns away.
You feel sick.
The foxfire hits the eight-headed hydra.
The eight-headed hydra is burned terribly!
Flame seeps out of the eight-headed hydra.
The eight-headed hydra is moderately wounded.
The eight-headed hydra is engulfed in blazing flames.
Flame seeps out of the eight-headed hydra.
Unknown command.
Casting: Scorch (safe; 1% risk of failure)
Confirm with . or Enter, or press ? or * to list all spells.
Flames lash the eight-headed hydra.
The eight-headed hydra is burned terribly!
Flame seeps out of the eight-headed hydra.
The eight-headed hydra is almost dead.
You feel sick.
The eight-headed hydra is engulfed in blazing flames.
Sif Muna accepts your kill.
The eight-headed hydra explodes!
The fiery explosion engulfs you!!!
Ouch! That really hurt!
You die...

▓▓▓▓▓▓▓▓▓▓▓▓▓▓▓▓▓▓▓▓▓▓▓▓▓▓▓▓▓▓▓▓▓
[.)..'________________________'..
▓▓▓▓▓▓▓▓▓▓▓▓▓▓▓▓▓▓▓▓▓▓▓▓▓▓▓▓▓▓▓▓▓
.................................
▓▓▓▓▓▓▓▓▓▓▓▓▓▓▓▓▓▓▓▓▓▓▓▓▓▓▓▓▓▓▓▓▓
.lS§§§§@v.....†.'.†...!.
▓▓▓▓▓▓▓▓▓▓▓▓▓▓▓▓▓▓▓▓▓▓▓▓


You could see a water moccasin and a wyvern.

Vanquished Creatures
  A hydra (D)
  A boulder beetle (D)
  An anaconda (shapeshifter) (D)
  A skeletal warrior (D)
  A manticore (D)
  2 cane toads (D)
  2 komodo dragons (D)
  A blink frog (D)
  2 wyverns (D)
  A wraith (D)
  A basilisk (D)
  A yak (D)
  A steam dragon (D)
  A vampire mosquito (D)
  An acid dragon (D)
  2 water moccasins (D)
  An ice beast (D)
  A wolf (D)
  A bullfrog (D)
  A wight (D)
  A howler monkey (D)
  A hound (D)
  2 orc wizards (D)
  A gnoll (D)
  An adder (D)
  A shadow imp (D)
  A dart slug (D)
  A ball python (D)
  An endoplasm (D)
  A giant cockroach (D)
  A rat (D)
36 creatures vanquished.

Vanquished Creatures (others)
  15 foxfires (D)
15 creatures vanquished.

Grand Total: 51 creatures vanquished

Notes
Turn   | Place    | Note
-------+----------+-------------------------------------------
     0 | D        | Conn the Octopode Fire Elementalist began the quest for the
                  | Orb.
     0 | D        | Reached XP level 1. HP: 11/11 MP: 3/3
    60 | D        | Reached XP level 2. HP: 17/17 MP: 0/5
   109 | D        | Learned a level 2 spell: Scorch
   112 | D        | Noticed an ice beast
   121 | D        | Reached skill level 3 in Spellcasting
   125 | D        | Reached XP level 3. HP: 9/21 MP: 0/7
   132 | D        | HP: 1/31 [ice beast (6)]
   133 | D        | Killed an ice beast
   134 | D        | Reached skill level 5 in Spellcasting
   134 | D        | Reached XP level 4. HP: 1/27 MP: 1/11
   134 | D        | Reached XP level 5. HP: 1/31 MP: 1/12
   243 | D        | Learned a level 3 spell: Inner Flame
   248 | D        | Learned a level 4 spell: Flame Wave
   249 | D        | Found a snail-covered altar of Cheibriados.
   249 | D        | Found a shadowy altar of Dithmenos.
   249 | D        | Found a white marble altar of Elyvilon.
   249 | D        | Found a blossoming altar of Fedhas.
   249 | D        | Found an opulent altar of Gozag.
   250 | D        | Found a hazy altar of Hepliaklqana.
   251 | D        | Found a viscous altar of Jiyva.
   252 | D        | Found an ancient bone altar of Kikubaaqudgha.
   253 | D        | Found a corrupted altar of Lugonu.
   254 | D        | Found a burning altar of Makhleb.
   255 | D        | Found a sparkling altar of Nemelex Xobeh.
   256 | D        | Found an iron altar of Okawaru.
   257 | D        | Found a stormy altar of Qazlal.
   258 | D        | Found a sacrificial altar of Ru.
   259 | D        | Found a shimmering blue altar of Sif Muna.
   260 | D        | Found a bloodstained altar of Trog.
   261 | D        | Found a hide-covered altar of Uskayaw.
   262 | D        | Found a radiant altar of Vehumet.
   263 | D        | Found an ornate altar of the Wu Jian Council.
   264 | D        | Found a shimmering altar of Xom.
   265 | D        | Found a basalt altar of Yredelemnul.
   266 | D        | Found a glowing silver altar of Zin.
   267 | D        | Found a glowing golden altar of the Shining One.
   269 | D        | Became a worshipper of Sif Muna the Loreminder
   286 | D        | Got the +2 halberd of Hijagg {freeze, rN+ Dex+3 Stlth-}
   298 | D        | Noticed an acid dragon
   298 | D        | Noticed a wyvern
   298 | D        | Noticed a steam dragon
   302 | D        | Killed a steam dragon
   303 | D        | Reached skill level 7 in Spellcasting
   303 | D        | Reached skill level 5 in Conjurations
   303 | D        | Reached XP level 6. HP: 35/36 MP: 2/16
   303 | D        | Reached * piety under Sif Muna
   399 | D        | Killed an acid dragon
   399 | D        | Killed a wyvern
   399 | D        | Reached ** piety under Sif Muna
   400 | D        | Reached skill level 5 in Dodging
   400 | D        | Reached skill level 8 in Spellcasting
   400 | D        | Reached skill level 1 in Hexes
   400 | D        | Reached skill level 5 in Invocations
   400 | D        | Reached XP level 7. HP: 21/41 MP: 5/19
   491 | D        | Noticed a manticore
   491 | D        | Noticed a wraith
   491 | D        | Noticed a vampire mosquito
   491 | D        | Noticed a skeletal warrior
   495 | D        | HP: 1/41 [skeletal warrior/+0 glaive (20)]
   496 | D        | Killed a vampire mosquito
   496 | D        | Killed a wraith
   497 | D        | Reached skill level 9 in Spellcasting
   497 | D        | Reached XP level 8. HP: 2/47 MP: 10/21
   499 | D        | Noticed a guardian serpent
   499 | D        | Killed a skeletal warrior
   499 | D        | Reached *** piety under Sif Muna
   500 | D        | Reached skill level 1 in Fighting
   500 | D        | Reached skill level 10 in Spellcasting
   500 | D        | Reached skill level 10 in Fire Magic
   683 | D        | Noticed an anaconda
   688 | D        | Killed a manticore
   688 | D        | Killed an anaconda
   689 | D        | Reached skill level 12 in Spellcasting
   689 | D        | Reached XP level 9. HP: 40/54 MP: 13/25
   862 | D        | Noticed a komodo dragon
   862 | D        | Noticed a cane toad
   866 | D        | Noticed a boulder beetle
   868 | D        | Reached **** piety under Sif Muna
   868 | D        | Killed a komodo dragon
   868 | D        | Killed a cane toad
   869 | D        | Reached XP level 10. HP: 46/60 MP: 12/26
   876 | D        | Reached ***** piety under Sif Muna
   876 | D        | Killed a boulder beetle
   876 | D        | Received a gift from Sif Muna
   877 | D        | Reached skill level 13 in Spellcasting
   887 | D        | Got Sif Muna's Experienced Hermetics {god gift}
   902 | D        | Learned a level 5 spell: Iskenderun's Battlesphere
   908 | D        | Learned a level 5 spell: Arcjolt
  1015 | D        | Noticed a cane toad
  1017 | D        | Noticed an eight-headed hydra
  1020 | D        | Killed a cane toad
  1021 | D        | Reached skill level 14 in Spellcasting
  1021 | D        | Reached skill level 1 in Air Magic
  1023 | D        | Killed an eight-headed hydra
  1023 | D        | Killed by an exploding eight-headed hydra... ignited by
                  | their inner flame

Illustrated notes

Levels and vault maps discovered:
D:        linesprint [early_d, line_temple, items_1, d_10, items_2, lair_1,
          lair_end, items_3, orc_1, orc_end, items_4, d_15, swamp_1, shoals_1,
          snake_1, spider_1, d_20, vaults_1, items_5, swamp_end, shoals_end,
          snake_end, spider_end, vaults_end, d_27, items_6, zot_1, zot_end,
          crypt_end, forest_end, elf_end, slime_end, tomb_end, abyss_end,
          pan_hell_end]

Skill      XL: |  1  2  3  4  5  6  7  8  9 10 |
---------------+-------------------------------+-----
Stealth        | 3 4 |  4.9
Fire Magic     | 4 6 8 9 11 12 | 12.6
Spellcasting   | 3 5 7 8 9 12 14 | 14.1
Conjurations   | 2 3 5 6 8 9 |  9.3
Dodging        | 3 4 5 6 |  6.4
Invocations    | 3 5 7 8 9 |  9.4
Hexes          | 1 2 3 4 |  4.4
Fighting       | 1 2 |  2.3
Air Magic      | 1 |  1.7

Action                     |  1- 3 |  4- 6 |  7- 9 | 10-12 || total
---------------------------+-------+-------+-------+-------++-------
  Melee: Unarmed           |    21 |     1 |       |       ||    22
         Constrict         |     5 |     1 |       |       ||     6
         Tentacles         |     5 |       |       |       ||     5
         Halberd           |       |     1 |       |       ||     1
   Cast: Foxfire           |     6 |       |     2 |     5 ||    13
         Scorch            |     2 |     7 |     3 |     6 ||    18
         Inner Flame       |       |     4 |     4 |     5 ||    13
         Flame Wave        |       |       |     2 |       ||     2
    Use: Potion            |     2 |     2 |       |       ||     4
 Armour: Skin              |       |     1 |       |     1 ||     2
  Dodge: Dodged            |     9 |    11 |     5 |     4 ||    29

Table legend: (Time is in decaauts)
 A = Elapsed time spent in this place.
 B = Non-inter-level travel time spent in this place.
 C = Inter-level travel time spent in this place.
 D = Time resting spent in this place.
 E = Time spent auto-exploring this place.
 F = Levels seen in this place.
 G = Mean time per level.
                   A        B        C        D        E       F      G
               +--------+--------+--------+--------+--------+-----+--------+
         Total |   1028 |   1028 |      0 |    617 |      0 |   1 | 1028.0 |
       Dungeon |   1028 |   1028 |      0 |    617 |      0 |   1 | 1028.0 |
               +--------+--------+--------+--------+--------+-----+--------+

Top non-repeatable levels by time:
       D: 1028 daAuts
